 Dungeon Crawl Stone Soup version 0.30.0-10-gfe55d96785 (webtiles) character file.

Game seed: 1416254861523907339

13457 qw the Blocker (level 12, -2/73 HPs)
             Began as a Gargoyle Cinder Acolyte on May 15, 2023.
             Was an Initiate of Okawaru.
             Slain by a fire elemental (6 damage)
             ... created by the fiery vengeance of Ignis
             ... on level 2 of the Lair of Beasts.
             The game lasted 00:06:28 (12252 turns).

qw the Blocker (Gargoyle Cinder Acolyte)           Turns: 12252, Time: 00:06:28

Health: -2/73      AC: 29    Str: 23    XL:     12   Next: 6%
Magic:  13/13      EV:  5    Int: 18    God:    Okawaru [......]
Gold:   486        SH: 15    Dex:  5    Spells: 13/13 levels left

rFire   . . .        Y - +1 broad axe (drain)
rCold   . . .        m - +0 tower shield
rNeg    + . .        n - +0 plate armour
rPois   inf          e - +2 helmet {Int+3}
rElec   +            l - scarf {repulsion}
rCorr   .            q - +0 pair of gloves
SInv    .            d - +2 pair of boots
Will    .....        (no amulet) Stlth
                     (no ring)
HPRegen 0.32/turn    (no ring)
MPRegen 0.13/turn

%: repel missiles
@: fire susceptible
A: sickness immunity, AC +8, negative energy resistance 1, electricity
resistance, torment resistance 1, petrification resistance, subdued magic 1
a: Renounce Religion


You were on level 2 of the Lair of Beasts.
You worshipped Okawaru.
Okawaru was noncommittal.
You visited 3 branches of the dungeon, and saw 11 of its levels.

You collected 486 gold pieces.


Innate Abilities, Weirdness & Mutations

You are immune to sickness and miasma.
Your stone body is resilient. (AC +8)
You are immune to poison.
You resist negative energy. (rN+)
You are resistant to electric shocks. (rElec)
You are resistant to unholy torment.
You are immune to petrification.
Your spells are a little easier to cast, but a little less powerful.


   Skills:
 - Level 8.0 Fighting
 + Level 10.5 Axes
 - Level 2.0 Throwing
 - Level 7.0 Armour
 - Level 1.0 Dodging
 - Level 13.0 Shields
 - Level 1.0 Spellcasting
 - Level 3.0 Fire Magic
 - Level 2.3 Invocations


You had 13 spell levels left.
You didn't know any spells.
Your spell library contained the following spells:

 Spells                   Type           Power      Damage    Failure   Level
 Scorch                   Fire           18%        2d5       98%         2

Inventory:

Hand Weapons
 h - a -1 hand axe of flaming
 Y - a +1 broad axe of draining (weapon)
Armour
 d - a +2 pair of boots (worn)
 e - a +2 helmet of intelligence (worn)
 l - a scarf of repulsion (worn)
 m - a +0 tower shield (worn)
 n - a +0 plate armour (worn)
 q - a +0 pair of gloves (worn)
Scrolls
 g - 3 scrolls of identify
Potions
 a - a potion of might
 b - 8 potions of curing
 i - a potion of mutation
 k - 3 potions of cancellation
 p - 3 potions of haste

Dungeon Overview and Level Annotations

Branches:
Dungeon (8/15)             Temple (1/1) D:5            Lair (2/5) D:8
  Swamp: Lair:2-3    Shoals: Lair:2-3     Snake: Lair:2-3    Spider: Lair:2-3

Altars:
Ashenzari
Cheibriados
Dithmenos
Elyvilon
Fedhas
Gozag
Hepliaklqana
Kikubaaqudgha
Makhleb
Nemelex Xobeh
Okawaru
Qazlal
Ru
Sif Muna
Trog
Uskayaw
Vehumet
Wu Jian
Yredelemnul
Zin
The Shining One

Shops:
D:3 [(   D:5 (

Annotations:
D:3 2 transporters
D:4 1 runed translucent door, Crazy Yiuf


Message History

You closely miss the fire elemental.
The fire elemental is severely damaged.
The fire elemental hits you. The fire elemental burns you!
You closely miss the fire elemental.
The fire elemental is severely damaged.
You feel like a meek peon again. You block the fire elemental's attack.
12223 ||| INVOKING Heroism.
You gain the combat prowess of a mighty hero.
You can no longer gain great but temporary skills.
You block the fire elemental's attack.
You hit the fire elemental but do no damage.
The fire elemental is severely damaged.
The fire elemental barely misses you. The fire elemental hits you.
The fire elemental burns you!
You slice the fire elemental!!
You destroy the fire elemental!
That felt strangely unrewarding.
You start resting.
You feel like a meek peon again.
Magic restored.
You start resting. "Betrayer!
Apostate!
Perish!" 2 fire elementals come into view.
You closely miss the fire elemental. You hit the fire elemental.
You block the fire elemental's attack. The fire elemental hits you.
The fire elemental burns you!
You barely miss the fire elemental.
The fire elemental is lightly damaged.
You closely miss the fire elemental. You block the fire elemental's attack.
The fire elemental hits you. The fire elemental burns you!
The fire elemental hits you. The fire elemental burns you!
You block the fire elemental's attack.
You barely miss the fire elemental.
The fire elemental is lightly damaged.
You hit the fire elemental.
You block the fire elemental's attack. x2; The fire elemental hits you.
The fire elemental burns you! The fire elemental hits you.
The fire elemental burns you!
You die...

P....... #.................#..
#....... #....#.............#.
#....#.....##....#.............##
#...P###..##.........<...........
>...#####...#....##..#.###.......
.................................
.........[.......................
................E................
...%...........E@................
.................................
..P.#####.#....................##
..#### ##........#.##.##.....###
..##.#####.........#..###........
..###.....'....#.............#...
..P#......#.....P............#...
........+.'P...........#.....#...
..P.##'.##P....##.............#..


You could see 2 fire elementals.

Vanquished Creatures
  A hydra (Lair:2)
  4 elephants (Lair:1)
  2 black mambas (Lair:1)
  3 cane toads
  Maggie (D:7)
  A komodo dragon (Lair:2)
  A polar bear (Lair:1)
  5 blink frogs (Lair:2)
  Prince Ribbit (D:7)
  Sigmund (D:2)
  20 yaks (Lair:1)
  A wyvern (Lair:2)
  2 basilisks (Lair:1)
  6 fire elementals (Lair:2)
  2 vampire mosquitoes (D:8)
  Menkaure (D:7)
  7 water moccasins
  A black bear (D:6)
  3 orc warriors
  An ogre (D:6)
  3 ice beasts
  A sky beast (D:8)
  4 centaurs
  A phantom (D:4)
  7 bullfrogs
  A kobold brigand (D:6)
  4 scorpions
  17 wights
  A jelly (D:6)
  5 orc priests
  4 hounds
  Jessica (D:3)
  3 iguanas
  3 orc wizards
  Robin (D:4)
  6 gnolls
  6 adders
  2 shadow imps (D:7)
  2 white imps
  2 ufetubi (D:7)
  6 dart slugs
  3 worms
  21 orcs
  10 endoplasms
  4 giant cockroaches
  8 goblins
  8 hobgoblins
  8 jackals
  13 kobolds
  4 quokkas
  8 ball pythons
  5 bats
  20 frilled lizards
  A goblin zombie (D:4)
  8 rats
  A rat zombie (D:4)
266 creatures vanquished.

Notes
Turn   | Place    | Note
-------+----------+-------------------------------------------
     0 | D:1      | qw the Gargoyle Cinder Acolyte began the quest for the Orb.
     0 | D:1      | Reached XP level 1. HP: 14/14 MP: 2/2
     0 | D:1      | 0 ||| qw: Version: 0.2-a-94-gf0f28d6
     0 | D:1      | 0 ||| qw: Game counter: 26
     0 | D:1      | 0 ||| qw: Always use a shield: true
     0 | D:1      | 0 ||| qw: God list: Okawaru
     0 | D:1      | 0 ||| qw: Allow faded altars: false
     0 | D:1      | 0 ||| qw: Do Orc after D:15 true
     0 | D:1      | 0 ||| qw: Do second Lair branch before Depths: true
     0 | D:1      | 0 ||| qw: Lair rune preference: random
     0 | D:1      | 0 ||| qw: Plans: Normal
     0 | D:1      | 0 ||| PLANNING D:1-11
    28 | D:1      | 28 ||| PLANNING D:1-11
    28 | D:1      | 28 ||| PLANNING D:1-11
    75 | D:1      | Reached skill level 3 in Axes
   147 | D:1      | Reached XP level 2. HP: 19/19 MP: 3/3
   180 | D:1      | 180 ||| Stepping ~*~*~tactically~*~*~ (hiding).
   376 | D:1      | You fall into a shaft and drop 1 floor!
   425 | D:2      | 425 ||| READING scroll labelled JIYTOG WOITACY.
   436 | D:1      | 436 ||| INVOKING Fiery Armour.
   439 | D:1      | Reached XP level 3. HP: 23/23 MP: 4/4
   484 | D:1      | 484 ||| Stepping ~*~*~tactically~*~*~ (hiding).
   662 | D:1      | 662 ||| Stepping ~*~*~tactically~*~*~ (stealth).
   767 | D:1      | 767 ||| Stepping ~*~*~tactically~*~*~ (stealth).
   804 | D:1      | 804 ||| Stepping ~*~*~tactically~*~*~ (hiding).
   943 | D:1      | 943 ||| Stepping ~*~*~tactically~*~*~ (hiding).
  1186 | D:1      | 1186 ||| Stepping ~*~*~tactically~*~*~ (stealth).
  1208 | D:1      | Reached XP level 4. HP: 28/28 MP: 5/5
  1388 | D:1      | 1388 ||| UPGRADING to +0 ring mail.
  1398 | D:1      | 1398 ||| DROPPING +0 robe.
  1399 | D:1      | 1399 ||| READING scroll labelled KEIBEGH LASMASK.
  1400 | D:1      | 1400 ||| DRINKING 2 smoky blue potions.
  1401 | D:1      | 1401 ||| DROPPING potion of brilliance.
  1676 | D:2      | Reached skill level 1 in Armour
  1690 | D:2      | 1690 ||| Stepping ~*~*~tactically~*~*~ (stealth).
  1996 | D:2      | 1996 ||| Stepping ~*~*~tactically~*~*~ (hiding).
  2126 | D:2      | Noticed Sigmund
  2144 | D:2      | 2144 ||| INVOKING Fiery Armour.
  2144 | D:2      | HP: 7/28 [Sigmund/+0 scythe (7)]
  2144 | D:2      | Killed Sigmund
  2145 | D:2      | Reached skill level 6 in Axes
  2145 | D:2      | Reached XP level 5. HP: 9/32 MP: 6/6
  2145 | D:2      | Reached XP level 6. HP: 10/37 MP: 7/7
  2649 | D:2      | 2649 ||| UPGRADING to +0 chain mail.
  2659 | D:2      | 2659 ||| DROPPING +0 ring mail.
  2660 | D:2      | 2660 ||| READING scroll labelled WUGIRA GILAJUORHECS.
  2661 | D:2      | 2661 ||| DRINKING 2 viscous puce potions.
  2680 | D:3      | Found Tashin's Antique Armour Shoppe.
  2690 | D:3      | 2690 ||| SHOPLISTING helmet (76 gold, have 59).
  2690 | D:3      | 2690 ||| SHOPLISTING pair of gloves (76 gold, have 59).
  2750 | D:3      | Found Cocleuso's Antique Weapon Emporium.
  2754 | D:3      | 2754 ||| SHOPLISTING glowing war axe (188 gold, have 59).
  2754 | D:3      | 2754 ||| SHOPLISTING war axe (101 gold, have 59).
  2860 | D:3      | Found a transporter.
  2890 | D:3      | Found a transporter.
  2924 | D:3      | Noticed Jessica
  2929 | D:3      | Killed Jessica
  3112 | D:3      | Found a glowing silver altar of Zin.
  3398 | D:3      | 3398 ||| DROPPING ring of wizardry.
  3399 | D:3      | 3399 ||| READING scroll labelled DERIAT OPAUF.
  3403 | D:3      | 3403 ||| READING scroll labelled VIEHUI FEPIA.
  3404 | D:3      | 3404 ||| DRINKING 2 fizzy yellow potions.
  3405 | D:3      | 3405 ||| READING 2 scrolls of identify.
  3405 | D:3      | 3405 ||| IDENTIFYING coppery potion
  3406 | D:3      | 3406 ||| DROPPING potion of attraction.
  3416 | D:4      | 3416 ||| PLANNING OSSUARY
  3486 | D:4      | 3486 ||| Stepping ~*~*~tactically~*~*~ (stealth).
  3503 | D:4      | Reached XP level 7. HP: 27/43 MP: 8/8
  3650 | D:4      | 3650 ||| INVOKING Fiery Armour.
  3654 | D:4      | HP: 4/43 [gnoll/+0 halberd (10)]
  3655 | D:4      | 3655 ||| DRINKING 2 potions of heal wounds.
  3899 | D:4      | Found a radiant altar of Vehumet.
  4023 | D:4      | Noticed Robin
  4039 | D:4      | Killed Robin
  4117 | D:4      | 4117 ||| Stepping ~*~*~tactically~*~*~ (stealth).
  4131 | D:4      | Found a runed translucent door.
  4132 | D:4      | Noticed Crazy Yiuf
  4174 | D:4      | 4174 ||| RIP OSSUARY
  4250 | D:4      | 4250 ||| PLANNING D:1-11
  4507 | D:4      | 4507 ||| UPGRADING to +0 pair of boots.
  4512 | D:4      | 4512 ||| UPGRADING to +2 helmet of intelligence.
  4583 | D:5      | Entered Level 5 of the Dungeon
  4607 | D:5      | Reached skill level 3 in Armour
  4702 | D:5      | Found a staircase to the Ecumenical Temple.
  4926 | D:5      | 4926 ||| Stepping ~*~*~tactically~*~*~ (hiding).
  4927 | D:5      | 4927 ||| Stepping ~*~*~tactically~*~*~ (hiding).
  4940 | D:5      | Reached skill level 1 in Throwing
  4959 | D:5      | Reached XP level 8. HP: 41/49 MP: 9/9
  4996 | D:5      | 4996 ||| Stepping ~*~*~tactically~*~*~ (hiding).
  5032 | D:5      | Identified the +0 morningstar of the Crafting Gods {venom,
                  | rC+ Will+ Int+3}
  5270 | D:5      | Found Nutipe's Weapon Shop.
  5274 | D:5      | 5274 ||| SHOPLISTING +1 war axe of Temperance {spect, rC+
                  | rCorr} (366 gold, have 154).
  5380 | D:5      | 5380 ||| READING 2 scrolls labelled POZIQOO ZATTUE.
  5381 | D:5      | 5381 ||| READING scroll of enchant armour.
  5381 | D:5      | 5381 ||| ENCHANTING +0 pair of boots.
  5584 | D:6      | 5584 ||| READING scroll of enchant armour.
  5584 | D:6      | 5584 ||| ENCHANTING +1 pair of boots.
  5607 | D:6      | 5607 ||| Stepping ~*~*~tactically~*~*~ (stealth).
  5609 | D:6      | 5609 ||| Stepping ~*~*~tactically~*~*~ (stealth).
  5611 | D:6      | 5611 ||| Stepping ~*~*~tactically~*~*~ (stealth).
  5624 | D:6      | 5624 ||| Stepping ~*~*~tactically~*~*~ (hiding).
  5655 | D:6      | 5655 ||| INVOKING Fiery Armour.
  5670 | D:6      | HP: 12/49 [wight/+2 war axe (3)]
  5671 | D:6      | 5671 ||| READING scroll of teleportation.
  5672 | D:6      | 5672 ||| DRINKING 3 potions of heal wounds.
  5915 | D:6      | HP: 9/49 [ogre/+0 giant club (18)]
  5916 | D:6      | 5916 ||| DRINKING 2 potions of heal wounds.
  5919 | D:6      | 5919 ||| INVOKING Fiery Armour.
  6055 | D:6      | Reached skill level 6 in Fighting
  6134 | D:6      | Reached XP level 9. HP: 42/55 MP: 10/10
  6180 | D:6      | 6180 ||| Stepping ~*~*~tactically~*~*~ (stealth).
  6182 | D:6      | 6182 ||| Stepping ~*~*~tactically~*~*~ (stealth).
  6447 | D:6      | 6447 ||| Stepping ~*~*~tactically~*~*~ (stealth).
  6523 | D:6      | 6523 ||| SWAPPING to +4 war axe.
  6605 | D:6      | 6605 ||| READING scroll labelled ANWAFRUYKHIA.
  6606 | D:6      | 6606 ||| READING scroll labelled NUIMMA EDEULONN.
  6607 | D:6      | 6607 ||| DRINKING 2 ruby potions.
  6608 | D:6      | 6608 ||| DRINKING 2 amethyst potions.
  6608 | D:6      | Gained mutation: Your spells are a little easier to cast,
                  | but a little less powerful. [potion of mutation]
  6609 | D:6      | 6609 ||| READING 3 scrolls of identify.
  6609 | D:6      | 6609 ||| IDENTIFYING smoky silvery potion
  6610 | D:6      | 6610 ||| DROPPING potion of flight.
  6674 | D:7      | Found a broken altar of Ashenzari.
  6693 | D:7      | 6693 ||| Stepping ~*~*~tactically~*~*~ (hiding).
  6694 | D:7      | 6694 ||| Stepping ~*~*~tactically~*~*~ (hiding).
  6702 | D:7      | 6702 ||| Stepping ~*~*~tactically~*~*~ (hiding).
  6718 | D:7      | Reached skill level 9 in Axes
  6796 | D:7      | 6796 ||| Stepping ~*~*~tactically~*~*~ (hiding).
  6811 | D:7      | 6811 ||| Stepping ~*~*~tactically~*~*~ (hiding).
  6834 | D:7      | 6834 ||| Stepping ~*~*~tactically~*~*~ (stealth).
  6835 | D:7      | 6835 ||| Stepping ~*~*~tactically~*~*~ (stealth).
  6974 | D:7      | Noticed Maggie
  6975 | D:7      | 6975 ||| Stepping ~*~*~tactically~*~*~ (hiding).
  6987 | D:7      | Killed Maggie
  7150 | D:7      | 7150 ||| Stepping ~*~*~tactically~*~*~ (stealth).
  7220 | D:7      | 7220 ||| Stepping ~*~*~tactically~*~*~ (hiding).
  7466 | D:7      | Noticed Menkaure
  7467 | D:7      | 7467 ||| Stepping ~*~*~tactically~*~*~ (hiding).
  7475 | D:7      | Killed Menkaure
  7545 | D:7      | Noticed Prince Ribbit
  7546 | D:7      | 7546 ||| SWAPPING to +0 broad axe.
  7573 | D:7      | Killed Prince Ribbit
  7666 | D:7      | 7666 ||| DROPPING +4 war axe.
  7757 | D:7      | 7757 ||| UPGRADING to scarf of repulsion.
  7762 | D:7      | 7762 ||| UPGRADING to +0 tower shield.
  7767 | D:7      | 7767 ||| UPGRADING to +0 plate armour.
  7777 | D:7      | 7777 ||| DROPPING +0 chain mail.
  7778 | D:7      | 7778 ||| READING scroll labelled NETOLU YCHORUT.
  7779 | D:7      | 7779 ||| READING scroll labelled FILUSTR BAEG.
  7872 | D:8      | Reached skill level 1 in Shields
  7880 | D:8      | Reached skill level 2 in Shields
  7948 | D:8      | 7948 ||| Stepping ~*~*~tactically~*~*~ (stealth).
  7955 | D:8      | 7955 ||| INVOKING Fiery Armour.
  7958 | D:8      | 7958 ||| Stepping ~*~*~tactically~*~*~ (hiding).
  7959 | D:8      | 7959 ||| Stepping ~*~*~tactically~*~*~ (hiding).
  7966 | D:8      | Reached skill level 3 in Shields
  7966 | D:8      | Reached XP level 10. HP: 39/64 MP: 11/11
  7972 | D:8      | Reached skill level 4 in Shields
  8055 | D:8      | 8055 ||| Stepping ~*~*~tactically~*~*~ (stealth).
  8056 | D:8      | 8056 ||| Stepping ~*~*~tactically~*~*~ (stealth).
  8127 | D:8      | Reached skill level 5 in Shields
  8175 | D:8      | 8175 ||| Stepping ~*~*~tactically~*~*~ (hiding).
  8176 | D:8      | 8176 ||| Stepping ~*~*~tactically~*~*~ (hiding).
  8177 | D:8      | 8177 ||| Stepping ~*~*~tactically~*~*~ (hiding).
  8178 | D:8      | 8178 ||| Stepping ~*~*~tactically~*~*~ (hiding).
  8283 | D:8      | Reached skill level 6 in Shields
  8488 | D:8      | 8488 ||| Stepping ~*~*~tactically~*~*~ (hiding).
  8489 | D:8      | 8489 ||| Stepping ~*~*~tactically~*~*~ (hiding).
  8528 | D:8      | Found a hazy altar of Hepliaklqana.
  8598 | D:8      | Found a staircase to the Lair.
  8770 | D:8      | 8770 ||| PLANNING LAIR
  8770 | D:8      | 8770 ||| UPGRADING to +0 pair of gloves.
  8775 | D:8      | 8775 ||| READING 2 scrolls labelled BAS KAYPPONA.
  8776 | D:8      | 8776 ||| READING scroll labelled SYTUCU OC TEIC.
  8777 | D:8      | 8777 ||| DRINKING 3 lumpy puce potions.
  8778 | D:8      | 8778 ||| READING 5 scrolls of identify.
  8778 | D:8      | 8778 ||| IDENTIFYING murky coppery potion
  8779 | D:8      | 8779 ||| DROPPING potion of invisibility.
  8780 | D:8      | 8780 ||| DROPPING scroll of blinking.
  8802 | Lair:1   | Entered Level 1 of the Lair of Beasts
  8808 | Lair:1   | 8808 ||| Stepping ~*~*~tactically~*~*~ (stealth).
  8809 | Lair:1   | 8809 ||| Stepping ~*~*~tactically~*~*~ (stealth).
  8811 | Lair:1   | 8811 ||| Stepping ~*~*~tactically~*~*~ (stealth).
  8813 | Lair:1   | 8813 ||| INVOKING Fiery Armour.
  8819 | Lair:1   | Reached skill level 7 in Shields
  8829 | Lair:1   | Reached skill level 8 in Shields
  8982 | Lair:1   | Reached skill level 9 in Shields
  9001 | Lair:1   | 9001 ||| INVOKING Fiery Armour.
  9005 | Lair:1   | HP: 16/64 [yak (9)]
  9006 | Lair:1   | Reached skill level 10 in Shields
  9317 | Lair:1   | 9317 ||| INVOKING Fiery Armour.
  9329 | Lair:1   | Reached XP level 11. HP: 32/68 MP: 12/12
  9329 | Lair:1   | HP: 17/68 [yak (6)]
  9330 | Lair:1   | 9330 ||| DRINKING potion of heal wounds.
  9333 | Lair:1   | Reached skill level 11 in Shields
  9521 | Lair:1   | Reached skill level 6 in Armour
  9874 | Lair:1   | 9874 ||| INVOKING Fiery Armour.
 10047 | Lair:1   | Reached skill level 12 in Shields
 10079 | Lair:1   | 10079 ||| INVOKING Fiery Armour.
 10235 | Lair:1   | 10235 ||| INVOKING Fiery Armour.
 10491 | Lair:1   | 10491 ||| PLANNING TEMPLE
 10491 | Lair:1   | 10491 ||| READING scroll labelled QUTURA XELUAKK.
 10492 | Lair:1   | 10492 ||| READING scroll labelled FAVIUL TUAJI.
 10493 | Lair:1   | 10493 ||| READING scroll labelled VOS VOOQEDGHU.
 10494 | Lair:1   | 10494 ||| READING 4 scrolls of identify.
 10494 | Lair:1   | 10494 ||| IDENTIFYING bubbling clear potion
 10495 | Lair:1   | 10495 ||| READING 3 scrolls of identify.
 10495 | Lair:1   | 10495 ||| IDENTIFYING murky inky potion
 10496 | Lair:1   | 10496 ||| DROPPING potion of ambrosia.
 10497 | Lair:1   | 10497 ||| DROPPING potion of lignification.
 10590 | D:6      | 10590 ||| Stepping ~*~*~tactically~*~*~ (stealth).
 10591 | D:6      | 10591 ||| Stepping ~*~*~tactically~*~*~ (stealth).
 10649 | Temple   | Entered the Ecumenical Temple
 10716 | Temple   | 10716 ||| PLANNING OKAWARU WORSHIP
 10950 | Temple   | Fell from the grace of Ignis
 10950 | Temple   | Became a worshipper of Warmaster Okawaru
 10951 | Temple   | 10951 ||| PLANNING LAIR
 11494 | Lair:2   | 11494 ||| Stepping ~*~*~tactically~*~*~ (stealth).
 11496 | Lair:2   | 11496 ||| Stepping ~*~*~tactically~*~*~ (stealth).
 11518 | Lair:2   | Reached * piety under Okawaru
 11519 | Lair:2   | Reached skill level 13 in Shields
 11519 | Lair:2   | 11519 ||| INVOKING Heroism.
 11549 | Lair:2   | 11549 ||| INVOKING Heroism.
 11559 | Lair:2   | Reached skill level 1 in Dodging
 11653 | Lair:2   | 11653 ||| INVOKING Heroism.
 11662 | Lair:2   | Reached skill level 1 in Invocations
 11763 | Lair:2   | Noticed a six-headed hydra
 11764 | Lair:2   | 11764 ||| INVOKING Heroism.
 11765 | Lair:2   | 11765 ||| INVOKING Heroism.
 11769 | Lair:2   | 11769 ||| SWAPPING to -1 hand axe of flaming.
 11775 | Lair:2   | Killed a one-headed hydra
 11776 | Lair:2   | Reached XP level 12. HP: 61/73 MP: 11/13
 11776 | Lair:2   | 11776 ||| SWAPPING to +1 broad axe of draining.
 12046 | Lair:2   | 12046 ||| INVOKING Heroism.
 12211 | Lair:2   | 12211 ||| INVOKING Heroism.
 12223 | Lair:2   | 12223 ||| INVOKING Heroism.
 12224 | Lair:2   | HP: 18/73 [fire elemental[the fiery vengeance of Ignis]
                  | (3)]
 12251 | Lair:2   | HP: 17/73 [fire elemental[the fiery vengeance of Ignis]
                  | (6)]
 12251 | Lair:2   | HP: 7/73 [fire elemental[the fiery vengeance of Ignis]
                  | (10)]
 12252 | Lair:2   | Slain by a fire elemental

Levels and vault maps discovered:
D:1:      wheals_arrival_linesprint, layout_loops_ring, minmay_lizard_king
D:2:      minmay_chambers_of_twos, layout_loops_corners, uniq_sigmund
D:3:      gammafunk_steamed_eel, layout_loops_ring, zin_statuary, serial_shops,
          nicolae_shop_crystal, nicolae_shop_crystal, lightli_corner_chamber,
          uniq_jessica
D:4:      layout_loops_cross, mainiacjoe_overflow_24_doors, enter_ossuary_4,
          uniq_crazy_yiuf_cottage, uniq_robin
D:5:      layout_basic, minmay_temple_entry_ruins, serial_shops,
          nicolae_shop_pleasant_corner_grove, kennysheep_generic_room_8
D:6:      layout_loops_ring, minmay_misc_feat_tower, dreamdust_gnoll_farm
D:7:      layout_gridville, mainiacjoe_overflow_tiny_flanked, serial_demonic,
          serial_demonic_d, serial_demonic_e, serial_demonic_b,
          serial_demonic_c, uniq_menkaure, uniq_maggie, uniq_prince_ribbit1
D:8:      layout_basic, mainiacjoe_overflow_six_doors_small, lair_entry_dummy
Temple:   minmay_temple_bridge_d
Lair:1:   layout_regular_city, lemuel_fruit_fields
Lair:2:   layout_regular_city, palyth_hydra_swamp_entry

Skill      XL: |  1  2  3  4  5  6  7  8  9 10 11 |
---------------+----------------------------------+-----
Axes           | 3 4 6 7 8 9 10 | 10.5
Armour         | 1 2 3 4 5 7 |  7.0
Fighting       | 4 5 6 7 8 |  8.0
Throwing       | 1 2 |  2.0
Shields        | 3 10 13 | 13.0
Dodging        | 1 |  1.0
Invocations    | 2 |  2.3
Spellcasting   | |  1.0
Fire Magic     | |  3.0

Action                     |  1- 3 |  4- 6 |  7- 9 | 10-12 || total
---------------------------+-------+-------+-------+-------++-------
  Melee: Hand axe          |   124 |   209 |   303 |     6 ||   642
         Punch             |       |     3 |     2 |       ||     5
         War axe           |       |       |    73 |       ||    73
         Broad axe         |       |       |    31 |   345 ||   376
  Throw: Javelin           |       |       |    25 |       ||    25
         Boomerang         |       |       |    21 |     9 ||    30
 Invoke: Fiery Armour      |     1 |     1 |     4 |     6 ||    12
         Heroism           |       |       |       |     7 ||     7
    Use: Scroll            |     1 |     5 |     9 |     8 ||    23
         Potion            |       |     3 |     5 |     2 ||    10
 Armour: Robe              |    37 |       |       |       ||    37
         Ring mail         |       |    44 |       |       ||    44
         Chain mail        |       |    44 |   302 |       ||   346
         Plate armour      |       |       |     4 |   317 ||   321
  Dodge: Dodged            |    92 |    89 |   175 |    75 ||   431
  Block: Tower shield      |       |       |     6 |   316 ||   322

Table legend:
 A = Non-vault XP
 B = Vault XP
 C = Vault XP percentage of total XP
 D = Non-vault monster count
 E = Vault monster count
 F = Vault count percentage of total count
                 A         B        C        D         E       F
            +---------+---------+-------+---------+---------+-------
      Total |   17942 |    1283 |   6.7 |     218 |      42 |  16.2
            +---------+---------+-------+---------+---------+-------
        D:1 |      59 |      12 |  16.9 |      32 |      12 |  27.3
        D:2 |      91 |     227 |  71.4 |      22 |       9 |  29.0
        D:3 |      29 |      37 |  56.1 |      14 |       1 |   6.7
        D:4 |     424 |      29 |   6.4 |      22 |       9 |  29.0
        D:5 |     365 |       0 |   0.0 |       7 |       0 |   0.0
        D:6 |    1413 |     112 |   7.3 |      27 |       4 |  12.9
        D:7 |     755 |     866 |  53.4 |      13 |       7 |  35.0
        D:8 |    1952 |       0 |   0.0 |      31 |       0 |   0.0
     Lair:1 |    9165 |       0 |   0.0 |      37 |       0 |   0.0
     Lair:2 |    3689 |       0 |   0.0 |      13 |       0 |   0.0
            +---------+---------+-------+---------+---------+-------
